 Dungeon Crawl Stone Soup version 0.22.1-6-g1668fe2c40 (webtiles) character file.

47119 Forgol the Impaler (level 14, -4/113 HPs)
             Began as a Merfolk Gladiator on Jan 24, 2019.
             Was a High Priest of Okawaru.
             Slain by Rupert
             ... wielding a +2 great mace of protection
              (6 damage)
             ... while paralysed by Rupert
             ... on level 12 of the Dungeon.
             The game lasted 01:39:27 (25058 turns).

Forgol the Impaler (Merfolk Gladiator)             Turns: 25058, Time: 01:39:28

Health: -4/113     AC: 16    Str: 20    XL:     14   Next: 40%
Magic:  18/18      EV:  2    Int:  8    God:    Okawaru [*****.]
Gold:   775        SH:  0    Dex: 25    Spells: 13/13 levels left

rFire    + + +     SeeInvis .   C - +8 war axe of Ekonk {speed, -Tele rF+++ Dex+3}
rCold    . . .     Gourm    .   U - +2 shield {reflect}
rNeg     + . .     Faith    .   r - +3 leather armour {rF+}
rPois    .         Spirit   .   X - +1 hat of the Accordion {rN+}
rElec    .         Reflect  +   Q - +0 cloak
rCorr    .         Harm     .   o - +2 pair of gloves
MR       +....     NoTele   +   (no boots)
Stlth    +++++++...             (no amulet)
HPRegen  0.28/turn              c - +3 ring of dexterity
MPRegen  0.16/turn              F - +4 ring of protection

@: paralysed, mighty, heroism
A: change form in water, swift swim, stealthy swim
a: Heroism, Finesse, Renounce Religion


You were on level 12 of the Dungeon.
You worshipped Okawaru.
Okawaru was extremely pleased with you.
You were hungry.

You visited 3 branches of the dungeon, and saw 19 of its levels.

You collected 963 gold pieces.
You spent 188 gold pieces at shops.

Inventory:

Hand Weapons
 a - the +12 long sword "Riru" {venom, rC+ Stlth+}
   (You found it on level 7 of the Dungeon)

   It poisons the flesh of those it strikes.
   It protects you from cold.
   It makes you more stealthy.
 d - a +4 halberd of protection
 C - the +8 war axe of Ekonk (weapon) {speed, -Tele rF+++ Dex+3}
   (You found it on level 11 of the Dungeon)

   Attacks with this weapon are significantly faster.
   It affects your dexterity (+3).
   It renders you almost immune to fire.
   It prevents most forms of teleportation.
 G - the +0 glaive of Butchery {flame, rF+ rC+ Int-4 Stlth+}
   (Okawaru gifted it to you on level 1 of the Lair of Beasts)

   It has been specially enchanted to burn those struck by it, causing extra
   injury to most foes and up to half again as much damage against particularly
   susceptible opponents.
   Big, fiery blades are also staple armaments of hydra-hunters.
   It affects your intelligence (-4).
   It protects you from fire.
   It protects you from cold.
   It makes you more stealthy.
Missiles
 y - 193 stones
 M - 5 tomahawks
 T - a silver javelin
 Y - 2 javelins (quivered)
Armour
 o - a +2 pair of gloves (worn)
 r - a +3 leather armour of fire resistance (worn)
 D - a +2 plate armour of magic resistance
 Q - a +0 cloak (worn)
 U - a +2 shield of reflection (worn)
 X - the +1 hat of the Accordion (worn) {rN+}
   (Okawaru gifted it to you on level 6 of the Lair of Beasts)

   It protects you from negative energy.
Jewellery
 b - an uncursed ring of stealth
 c - a +3 ring of dexterity (left hand)
 f - a +3 ring of intelligence
 F - a +4 ring of protection (right hand)
 R - an uncursed ring of positive energy
 V - an uncursed ring of flight
Wands
 n - a wand of flame (88)
 p - a wand of paralysis (12)
 x - a wand of acid (12)
 A - a wand of enslavement (20)
 H - a wand of disintegration (7)
 K - a wand of iceblast (5)
 Z - a wand of scattershot (10)
Scrolls
 e - 6 scrolls of teleportation
 h - 14 scrolls of remove curse
 v - 5 scrolls of fear
 B - 4 scrolls of amnesia
 E - a scroll of fog
 I - a scroll of blinking
 P - 3 scrolls of enchant armour
Potions
 i - 7 potions of flight
 j - 2 potions of cancellation
 k - 3 potions of brilliance
 l - 2 potions of magic
 m - a potion of haste {unknown}
 t - 2 potions of ambrosia
 u - a potion of invisibility
 w - 2 potions of mutation
 z - 2 potions of might
 J - 2 potions of agility
 L - 3 potions of curing
 N - 2 potions of resistance
 O - a potion of berserk rage {unknown}
Comestibles
 g - 21 rations
 s - 3 chunks of flesh


   Skills:
 + Level 11.2(16.2) Fighting
 - Level 2.6(7.6) Long Blades
 * Level 3.1(13.4) Axes
 - Level 18.7(24.0) Polearms
 - Level 6.1(11.1) Throwing
 + Level 13.5(18.5) Dodging
 + Level 11.1(16.1) Stealth
 + Level 6.0(11.0) Shields
 - Level 6.4 Invocations


You had 13 spell levels left.
You didn't know any spells.
Your spell library was empty.

Dungeon Overview and Level Annotations

Branches:
Dungeon (12/15)            Temple (1/1) D:4            Lair (6/6) D:11
 Shoals (0/4) Lair:2       Spider (0/4) Lair:4        Slime (0/5) Lair:5
    Orc (0/2) D:11

Altars:
Ashenzari
Cheibriados
Dithmenos
Elyvilon
Fedhas
Gozag
Hepliaklqana
Kikubaaqudgha
Makhleb
Nemelex Xobeh
Okawaru
Qazlal
Ru
Sif Muna
Trog
Uskayaw
Vehumet
Wu Jian
Xom
Yredelemnul
Zin
The Shining One
Jiyva
Lugonu

Shops:
D:7 }[=?   D:8 !   D:11 }

Portals:
Trove: D:11 (lose all piety)

Annotations:
D:5 exclusion: wyvern
D:9 3 runed doors, Forgol's ghost, novice TrBe
D:12 Rupert
Lair:4 1 runed door, DrakieV's ghost, journeyman TrBe
Lair:5 3 runed doors, Forgol's ghost, journeyman DsBe


Message History

You feel very mighty all of a sudden. Rupert closely misses you.
You slash Rupert!
Rupert is severely wounded.
You slash Rupert!
Rupert is severely wounded.
Rupert barely misses you.
You slash Rupert!
Rupert is almost dead.
Rupert hits you with a great mace of protection!
* * * LOW HITPOINT WARNING * * *
You slash Rupert!
Rupert is almost dead.
You slash Rupert!
Rupert is almost dead.
Rupert is no longer berserk.
Rupert yells loudly at you.
You suddenly lose the ability to move!
Rupert hits you with a great mace of protection.
You die...

....)..#.......##############....
....)###.......#######...........
...#.'...............#.#....##..#
...#.#(..............#..........#
.....###############'#...........
........#**#..........###########
........#,,#....#..##.#,,,,,,,*,,
.##..#..#,,#....#..##.#,,,,,,,*,,
........#,,#....@.....#######+***
.......##..######@#...........,,,
.......#....@.....#..#........,,,
.......#..........#.........##,,,
.......#..........#...........,,,
.......#....#######...........,,,
.......#..(,* ############***
,,,,,,,*##*** ,,,,****


You could see Rupert.

Vanquished Creatures
  Fannar (D:10)
  A catoblepas (Lair:6)
  6 hydras
  A two-headed ogre (D:11)
  A deep troll shaman (Lair:6)
  4 death yaks (Lair:6)
  Sonja (Lair:6)
  A phantasmal warrior (D:9)
  An ugly thing (D:10)
  14 elephants
  5 black mambas
  2 manticores
  8 spiny frogs
  A torpor snail (Lair:6)
  2 komodo dragons
  7 trolls
  7 dream sheep (Lair:6)
  2 polar bears
  16 blink frogs
  12 hippogriffs
  Sigmund (D:2)
  A redback (Lair:4)
  2 wraiths
  28 yaks
  A spriggan (D:7)
  3 wyverns
  3 basilisks
  A steam dragon (D:10)
  A warg (D:11)
  13 water moccasins
  10 porcupines
  3 black bears
  4 sky beasts
  5 ice beasts
  A phantom (D:4)
  7 orc warriors
  23 wolves
  6 ogres
  2 centaurs (D:10)
  13 crocodiles
  A big kobold (D:11)
  13 bullfrogs
  A gnoll sergeant (D:10)
  A wyvern zombie (D:10)
  A scorpion (D:9)
  10 killer bees
  3 howler monkeys
  7 wights
  2 vampire bats (D:6)
  4 crimson imps
  2 centaur zombies
  A bullfrog zombie (D:8)
  4 jellies
  9 orc priests
  A bullfrog skeleton (D:8)
  9 hounds
  8 orc wizards
  A gnoll shaman (D:10)
  3 centaur skeletons
  4 iguanas
  8 worker ants
  2 hound skeletons
  A hound zombie (D:10)
  A worker ant zombie (D:8)
  28 gnolls
  14 adders
  2 howler monkey skeletons
  4 shadow imps
  3 oozes
  2 adder skeletons
  3 worms
  2 dart slugs
  3 leopard geckos
  52 orcs
  3 bat skeletons (D:6)
  3 bat zombies (D:6)
  3 giant cockroaches
  11 goblins
  4 hobgoblins
  19 jackals
  3 quokkas
  6 bats
  3 frilled lizards (D:1)
  12 kobolds
  A leopard gecko skeleton (D:5)
  A leopard gecko zombie (D:6)
  A quokka skeleton (D:8)
  A quokka zombie (D:8)
  5 rats
507 creatures vanquished.

Vanquished Creatures (others)
  A big kobold (D:12)
  19 fungi
  13 plants
  2 withered plants (Lair:4)
35 creatures vanquished.

Grand Total: 542 creatures vanquished

Notes
Turn   | Place    | Note
-------+----------+-------------------------------------------
     0 | D:1      | Forgol the Merfolk Gladiator began the quest for the Orb.
     0 | D:1      | Reached XP level 1. HP: 16/16 MP: 1/1
   149 | D:1      | Reached XP level 2. HP: 23/23 MP: 2/2
   224 | D:1      | Reached skill level 5 in Polearms
   417 | D:1      | Reached XP level 3. HP: 28/28 MP: 3/3
   577 | D:2      | Found a snail-covered altar of Cheibriados.
   718 | D:2      | Noticed Sigmund
   739 | D:2      | Killed Sigmund
   739 | D:2      | Reached skill level 6 in Polearms
   739 | D:2      | Reached skill level 5 in Dodging
   739 | D:2      | Reached XP level 4. HP: 14/35 MP: 4/4
   739 | D:2      | Reached XP level 5. HP: 17/41 MP: 5/5
  1880 | D:3      | Found a burning altar of Makhleb.
  2037 | D:3      | Reached XP level 6. HP: 43/47 MP: 6/6
  2127 | D:3      | Found a blossoming altar of Fedhas.
  2130 | D:3      | Found a shadowy altar of Dithmenos.
  2131 | D:3      | Found a radiant altar of Vehumet.
  2150 | D:3      | Found a bloodstained altar of Trog.
  2160 | D:3      | Reached skill level 7 in Polearms
  3386 | D:4      | Noticed a phantom
  3419 | D:4      | Killed a phantom
  3680 | D:4      | Found a staircase to the Ecumenical Temple.
  3698 | Temple   | Entered the Ecumenical Temple
  3814 | D:5      | Entered Level 5 of the Dungeon
  3867 | D:5      | Reached XP level 7. HP: 54/54 MP: 7/7
  3909 | D:5      | Reached skill level 8 in Polearms
  3976 | D:5      | Found a glowing golden altar of the Shining One.
  4266 | D:5      | Noticed a wyvern
  4348 | D:5      | Reached skill level 9 in Polearms
  4355 | D:5      | HP: 2/55 [orc priest/divine providence (12)]
  4688 | D:5      | Reached XP level 8. HP: 46/61 MP: 8/8
  4938 | D:5      | Found a stormy altar of Qazlal.
  5313 | D:5      | Found an iron altar of Okawaru.
  5346 | D:5      | Became a worshipper of Warmaster Okawaru
  5879 | D:6      | Reached skill level 5 in Fighting
  5879 | D:6      | Reached skill level 1 in Invocations
  6245 | D:6      | Reached skill level 10 in Polearms
  6250 | D:6      | Reached * piety under Okawaru
  6564 | D:6      | Reached skill level 1 in Stealth
  6734 | D:6      | Found a white marble altar of Elyvilon.
  6746 | D:6      | Reached XP level 9. HP: 65/68 MP: 8/11
  6763 | D:6      | Found a sacrificial altar of Ru.
  6764 | D:6      | Found a hide-covered altar of Uskayaw.
  6854 | D:6      | Found an opulent altar of Gozag.
  7215 | D:6      | Found an ancient bone altar of Kikubaaqudgha.
  7457 | D:7      | Found Iketips's Antique Armour Shop.
  7462 | D:7      | Got an ancient long sword
  7556 | D:7      | Found Rumeas's Jewellery Boutique.
  7561 | D:7      | Found Inuenlie's Magic Scroll Shoppe.
  7571 | D:7      | Identified the +12 long sword "Riru" {venom, rC+ Stlth+}
                  | (You found it on level 7 of the Dungeon)
  7589 | D:7      | Reached ** piety under Okawaru
  7589 | D:7      | Reached skill level 11 in Polearms
  8066 | D:7      | Found Momap's Book Shop.
  8066 | D:7      | Found Wodadal's Gadget Emporium.
  8132 | D:7      | Reached skill level 5 in Invocations
  8409 | D:7      | Bought a +3 ring of dexterity for 188 gold pieces
  9050 | D:8      | Reached XP level 10. HP: 70/77 MP: 14/14
  9051 | D:8      | Reached skill level 12 in Polearms
  9168 | D:8      | Found Uhymoakh's Distillery.
  9316 | D:8      | Reached *** piety under Okawaru
  9717 | D:8      | Found a sacrificial altar of Ru.
 10175 | D:9      | Found a runed gate.
 10175 | D:9      | Found a runed gate.
 10175 | D:9      | Found a runed gate.
 10175 | D:9      | Noticed Forgol's ghost (novice TrBe)
 10421 | D:9      | Reached skill level 13 in Polearms
 10421 | D:9      | Reached skill level 5 in Stealth
 10463 | D:9      | Noticed a phantasmal warrior
 10483 | D:9      | Killed a phantasmal warrior
 10483 | D:9      | Reached **** piety under Okawaru
 11005 | D:9      | Noticed a skeletal warrior
 11427 | D:9      | Noticed a death knight
 11521 | D:10     | Entered Level 10 of the Dungeon
 11621 | D:10     | Reached XP level 11. HP: 80/85 MP: 15/15
 11822 | D:10     | Reached skill level 14 in Polearms
 11842 | D:10     | Noticed Fannar
 12100 | D:10     | Reached skill level 10 in Dodging
 12455 | D:10     | Noticed a white ugly thing
 12523 | D:10     | Killed a white ugly thing
 12781 | D:10     | Reached ***** piety under Okawaru
 13127 | D:10     | Killed Fannar
 13403 | D:11     | Reached skill level 15 in Polearms
 13413 | D:11     | Received a gift from Okawaru
 13499 | D:11     | Got a smoking war axe
 13500 | D:11     | Identified the +8 war axe of Ekonk {speed, -Tele rF+++
                  | Dex+3} (You found it on level 11 of the Dungeon)
 13797 | D:11     | Found Dionker's Gadget Boutique.
 13832 | D:11     | Reached skill level 1 in Shields
 13839 | D:11     | Found a portal to a secret trove of treasure.
 13907 | D:11     | Noticed a manticore
 13924 | D:11     | Killed a manticore
 13924 | D:11     | Reached skill level 1 in Long Blades
 14067 | D:11     | Noticed a two-headed ogre
 14080 | D:11     | Killed a two-headed ogre
 14080 | D:11     | Received a gift from Okawaru
 14178 | D:11     | Reached skill level 1 in Axes
 14224 | D:11     | Found a staircase to the Lair.
 14322 | D:11     | Reached XP level 12. HP: 63/94 MP: 14/16
 14846 | D:11     | Found a staircase to the Orcish Mines.
 14975 | Lair:1   | Entered Level 1 of the Lair of Beasts
 15048 | Lair:1   | Noticed a four-headed hydra
 15510 | Lair:1   | Killed a four-headed hydra
 15839 | Lair:1   | Received a gift from Okawaru
 16157 | Lair:1   | Received a gift from Okawaru
 16158 | Lair:1   | Got a shimmering glaive {god gift}
 16159 | Lair:1   | Identified the +0 glaive of Butchery {flame, rF+ rC+ Int-4
                  | Stlth+} (Okawaru gifted it to you on level 1 of the Lair of
                  | Beasts)
 16480 | Lair:2   | Found a staircase to the Shoals.
 16494 | Lair:2   | Reached skill level 5 in Shields
 17098 | Lair:2   | Noticed an eight-headed hydra
 17111 | Lair:2   | Killed a one-headed hydra
 17111 | Lair:2   | Reached skill level 16 in Polearms
 18154 | Lair:3   | Noticed a five-headed hydra
 18167 | Lair:3   | Killed a one-headed hydra
 18167 | Lair:3   | Reached XP level 13. HP: 99/103 MP: 14/17
 18175 | Lair:3   | Received a gift from Okawaru
 18744 | Lair:3   | Reached skill level 10 in Fighting
 19608 | Lair:4   | Found a runed door.
 19608 | Lair:4   | Noticed DrakieV's ghost (journeyman TrBe)
 19707 | Lair:4   | Found a hole to the Spider Nest.
 19854 | Lair:4   | Reached skill level 5 in Throwing
 20573 | Lair:5   | Reached skill level 17 in Polearms
 20625 | Lair:5   | Found a runed gate.
 20630 | Lair:5   | Found a runed gate.
 20631 | Lair:5   | Found a runed gate.
 20632 | Lair:5   | Noticed Forgol's ghost (journeyman DsBe)
 20657 | Lair:5   | Noticed a death ooze
 20671 | Lair:5   | Found a viscous altar of Jiyva.
 20972 | Lair:5   | Found a viscous altar of Jiyva.
 20972 | Lair:5   | Found a staircase to the Slime Pits.
 21505 | Lair:6   | Entered Level 6 of the Lair of Beasts
 21578 | Lair:6   | Reached skill level 10 in Stealth
 21887 | Lair:6   | Received a gift from Okawaru
 21925 | Lair:6   | Got a warped hat {god gift}
 22218 | Lair:6   | Identified the +1 hat of the Accordion {rN+} (Okawaru
                  | gifted it to you on level 6 of the Lair of Beasts)
 22623 | Lair:6   | Noticed Sonja
 22864 | Lair:6   | Paralysed by Sonja for 7 turns
 22882 | Lair:6   | Killed Sonja
 22882 | Lair:6   | Reached skill level 18 in Polearms
 23281 | Lair:6   | Reached XP level 14. HP: 108/111 MP: 11/18
 24997 | D:12     | Noticed Rupert
 25055 | D:12     | HP: 1/113 [Rupert/great mace of protection (17)]
 25057 | D:12     | Paralysed by Rupert for 3 turns
 25058 | D:12     | Slain by Rupert

Skill      XL: |  1  2  3  4  5  6  7  8  9 10 11 12 13 14 |
---------------+-------------------------------------------+-----
Polearms       | 5 6 7 9 10 11 13 15 16 18 | 18.7
Fighting       | 3 4 5 6 7 8 9 10 11 | 11.2
Dodging        | 5 6 7 8 9 10 12 13 | 13.5
Throwing       | 3 4 6 |  6.1
Invocations    | 3 5 6 |  6.4
Stealth        | 1 3 5 7 9 10 11 | 11.1
Shields        | 3 5 6 |  6.0
Long Blades    | 2 |  2.6
Axes           | 1 3 |  3.1

Action                   |  1- 3 |  4- 6 |  7- 9 | 10-12 | 13-15 || total
-------------------------+-------+-------+-------+-------+-------++-------
Melee: Trident           |    75 |     1 |       |       |       ||    76
       Scythe            |       |   161 |   384 |     4 |       ||   549
       Halberd           |       |       |       |   567 |       ||   567
       War axe           |       |       |       |   119 |   114 ||   233
       Long sword        |       |       |       |     8 |       ||     8
       Glaive            |       |       |       |   144 |   465 ||   609
       Quarterstaff      |       |       |       |     9 |       ||     9
       Punch             |       |       |       |     1 |       ||     1
Throw: Throwing net      |     3 |       |     3 |       |       ||     6
       Stone             |       |       |    42 |   129 |    27 ||   198
       Javelin           |       |       |       |    19 |    56 ||    75
       Tomahawk          |       |       |       |     3 |       ||     3
Invok: Heroism           |       |       |     8 |    34 |    15 ||    57
       Finesse           |       |       |       |       |     4 ||     4
  Use: Scroll            |     2 |     8 |    13 |    10 |    11 ||    44
       Potion            |       |     1 |     1 |     2 |     7 ||    11
 Stab: Sleeping          |     2 |     2 |     8 |    12 |     4 ||    28
       Held in net/web   |     1 |       |     2 |       |       ||     3
       Distracted        |       |       |     1 |     3 |     3 ||     7
  Eat: Ration            |       |     1 |     2 |     3 |     3 ||     9
       Chunk             |       |     6 |    11 |    19 |    11 ||    47
Armor: Leather armour    |    12 |    39 |    74 |   108 |   105 ||   338
Dodge: Dodged            |    49 |   138 |   441 |   714 |   548 ||  1890
Block: Buckler           |       |       |       |    19 |       ||    19
       Shield            |       |       |       |       |    36 ||    36
       Reflection        |       |       |       |       |     6 ||     6
       Rpst.: Long sword |       |       |       |     1 |       ||     1
